 Dungeon Crawl Stone Soup version 0.29.1 (webtiles) character file.

Game seed: 6642036233513643462

70 safid the Shooter (level 4, 0/35 (40) HPs)
             Began as a Minotaur Hunter on Sept 13, 2022.
             Hit by a goblin thrown by Robin (3 damage)
             ... on level 2 of the Dungeon.
             The game lasted 00:02:12 (1001 turns).

safid the Shooter (Minotaur Hunter)                 Turns: 1001, Time: 00:02:13

HP:   0/35 (40)     AC:  3    Str: 16    XL:     4   Next: 3%
MP:   3/3           EV: 12    Int:  6    God:
Gold: 39            SH:  0    Dex: 15    Spells: 3/3 levels left

rFire   . . .      SeeInvis .   a - +0 shortbow
rCold   . . .      Faith    .   (shield currently unavailable)
rNeg    . . .      Spirit   .   c - +0 leather armour
rPois   .          Reflect  .   (helmet restricted)
rElec   .          Harm     .   (no cloak)
rCorr   .          Rampage  .   (no gloves)
Will    .....                   (no boots)
Stlth   +.........              h - amulet of regeneration
HPRegen 0.91/turn               e - ring of flight
MPRegen 0.08/turn               (no ring)

@: flying, heavily drained
A: horns 2, retaliatory headbutt
a: no special abilities


You were on level 2 of the Dungeon.
You visited 1 branch of the dungeon, and saw 2 of its levels.

You collected 39 gold pieces.

Inventory:

Hand Weapons
 a - a +0 shortbow (weapon)
Missiles
 f - 6 poisoned darts
Armour
 c - a +0 leather armour (worn)
Jewellery
 e - a ring of flight (left hand)
 h - an amulet of regeneration (around neck)
Scrolls
 d - a scroll of teleportation {unknown}
 g - 3 scrolls of identify {unknown}
 j - a scroll of noise {unknown}
Potions
 b - a potion of haste {unknown}
 i - a potion of heal wounds {unknown}
 k - a potion of lignification {unknown}


   Skills:
 + Level 3.7 Fighting
 + Level 5.1 Ranged Weapons
 - Level 3.0 Dodging
 - Level 0.7 Stealth


You had 3 spell levels left.
You didn't know any spells.
Your spell library contained the following spells:

 Spells                   Type           Power      Damage    Failure   Level
 Dazzling Flash           Conj/Hex       0%         N/A       88%         3
 Fulminant Prism          Conj/Hex       0%         3d6       99%         4
 Iskenderun's Mystic Bla  Conj/Tloc      0%         2d3       99%         4
 Lee's Rapid Deconstruct  Erth           0%         3d5*      100%        5
 Starburst                Conj/Fire      0%         6d3       100%        6


Dungeon Overview and Level Annotations

Branches:
Dungeon (2/15)

Altars:
Okawaru

Annotations:
D:2 Robin


Innate Abilities, Weirdness & Mutations

You have a pair of horns on your head.
You reflexively headbutt those who attack you in melee.


Message History

You shoot an arrow. The arrow hits the goblin.
The goblin is moderately wounded.
The goblin misses you. The goblin hits you with a +0 club.
You shoot an arrow. The arrow misses the goblin.
The goblin barely misses you. You furiously retaliate!
You headbutt the goblin, but do no damage.
Robin throws the goblin at you!
The goblin hits you with a +1 dagger of draining.
You feel drained. The goblin completely misses you.
You shoot an arrow. The arrow misses the goblin.
The goblin hits you with a +0 club. The goblin barely misses you.
The goblin hits you with a +1 dagger of draining.
You feel drained. The goblin completely misses you.
The goblin hits you with a +0 club. x2
You are too injured to fight recklessly!
You are too injured to fight recklessly!
You are too injured to fight recklessly!
You are too injured to fight recklessly!
You are too injured to fight recklessly!
Unknown command.
Fire: a) +0 shortbow
Press: ? - help, Q - select action, (/) - cycle Shift-Dir - straight line, f/p - goblin
Aim: a goblin, wielding a +0 club (moderately wounded, strong, 55% to hit)
You shoot an arrow. The arrow barely misses the goblin.
The goblin closely misses you.
The goblin hits you with a +1 dagger of draining.
You feel drained. The goblin misses you.
Fire: a) +0 shortbow
Press: ? - help, Q - select action, (/) - cycle Shift-Dir - straight line, f/p - goblin
Aim: a goblin, wielding a +0 club (moderately wounded, strong, 55% to hit)
You shoot an arrow. The arrow hits the goblin.
The goblin is heavily wounded.
The goblin hits you but does no damage. The goblin hits you with a +0 club.
* * * LOW HITPOINT WARNING * * *
The goblin hits you with a +1 dagger of draining.
* * * LOW HITPOINT WARNING * * *
You feel drained.
* * * LOW HITPOINT WARNING * * *
Robin throws the goblin at you!
You die...

######........#
..........###.#
######....#
#..#......
#.)#####.#
#........#
#..#####.#
#ggg.....#
##@####### #)#
.......g).#
###..##.#.# #.
..#.# # #.# #
.). ... ...


You could see Robin and 3 goblins.

Vanquished Creatures
  3 adders (D:2)
  2 dart slugs (D:1)
  An endoplasm (D:1)
  10 goblins
  3 hobgoblins
  A quokka (D:2)
  4 ball pythons
  5 bats (D:1)
  A frilled lizard (D:1)
  5 kobolds
  2 rats
37 creatures vanquished.

Notes
Turn   | Place    | Note
-------+----------+-------------------------------------------
     0 | D:1      | safid the Minotaur Hunter began the quest for the Orb.
     0 | D:1      | Reached XP level 1. HP: 18/18 MP: 0/0
   146 | D:1      | Reached XP level 2. HP: 22/25 MP: 1/1
   550 | D:2      | Reached XP level 3. HP: 31/31 MP: 2/2
   684 | D:2      | Found an iron altar of Okawaru.
   739 | D:2      | Reached skill level 5 in Ranged Weapons
   987 | D:2      | Noticed Robin
   996 | D:2      | Reached XP level 4. HP: 26/40 MP: 3/3
  1001 | D:2      | Hit by a goblin thrown by Robin

Illustrated notes

Levels and vault maps discovered:
D:1:      scummos_arrival_hexagon, layout_basic
D:2:      layout_loops_corners, basic_altar, shapermc_ecumenical_altar_pompeii,
          uniq_terence, uniq_robin

Skill      XL: |  1  2  3 |
---------------+----------+-----
Fighting       | 3 |  3.7
Dodging        | 3 |  3.0
Ranged Weapons | 5 |  5.1
Stealth        | |  0.7

Action                   |  1- 3 |  4- 6 || total
-------------------------+-------+-------++-------
 Fire: Shortbow          |    91 |     6 ||    97
Armor: Leather armour    |    15 |     2 ||    17
Dodge: Dodged            |    36 |     8 ||    44
